 Dungeon Crawl Stone Soup version 0.30-a0-881-g1ff12e1e11 (webtiles) character file.

Game seed: 5451591444068296533

4160012 Valamore the Shatterer (level 25, 251/251 HPs)
             Began as an Armataur Wanderer on Mar 14, 2023.
             Was a High Priest of Okawaru.
             Escaped with the Orb
             ... and 5 runes!
             The game lasted 01:20:08 (47442 turns).

Valamore the Shatterer (Armataur Wanderer)         Turns: 47442, Time: 01:20:08

Health: 251/251    AC: 43    Str: 37    XL:     25   Next: 39%
Magic:  33/33      EV:  3    Int: 17    God:    Okawaru [*****.]
Gold:   3590       SH: 21    Dex: 15    Spells: 25/26 levels left

rFire   + + .      SeeInvis .    T - +8 morningstar "Cisorixi" {spect, rC+ Will+ Dex+3}
rCold   + + .      Faith    .    D - +8 kite shield "Bemava" {rF+}
rNeg    . . .      Spirit   .    K - +1 gold dragon scales
rPois   +          Reflect  .    g - +1 helmet "Cutuddu" {Slay+5}
rElec   .          Roll     +    o - -1 cloak of Borileh {Int+3 Dex+5}
rCorr   .                        a - +2 pair of gloves {hurl}
Will    +++..                    Y - +6 barding of Ifilatt {rPois} Stlth
                                 L - amulet of regeneration
HPRegen 1.41/turn                y - ring "Qybok" {Str+6 Slay+4}
MPRegen 0.23/turn                p - ring of willpower

@: studying Fighting
A: large, rugged brown scales 3, deformed body, armoured tail, roll, long
tongue, awkward tongue
0: Orb of Zot
}: 5/15 runes: serpentine, barnacled, slimy, silver, abyssal
a: Renounce Religion, Heroism, Finesse, Duel


You escaped.
You worshipped Okawaru.
Okawaru was extremely pleased with you.
You visited 10 branches of the dungeon, and saw 50 of its levels.
You visited the Abyss 1 time.
You visited 1 bazaar.
You also visited: Sewer, Gauntlet and Ice Cave.

You collected 6674 gold pieces.
You spent 3084 gold pieces at shops.

Inventory:

Hand Weapons
 j - the +2 morningstar of Honour {drain, rElec}
   (You bought it in a shop in a bazaar)

   rElec:     It insulates you from electricity.
 u - a +0 eveningstar of venom
 T - the +8 morningstar "Cisorixi" (weapon) {spect, rC+ Will+ Dex+3}
   (Okawaru gifted it to you on level 4 of the Shoals)

   Dex:       It affects your dexterity (+3).
   rC:        It protects you from cold.
   Will:      It increases your willpower.
Missiles
 d - 16 throwing nets
 e - 28 curare-tipped darts
 i - 64 boomerangs
 q - 4 atropa-tipped darts
 s - 8 silver javelins (quivered)
 O - 114 poisoned darts
 R - 21 javelins
 V - 8 silver boomerangs
Armour
 a - a +2 pair of gloves of hurling (worn)
 g - the +1 helmet "Cutuddu" (worn) {Slay+5}
   (Okawaru gifted it to you on level 13 of the Dungeon)

   Slay:      It affects your accuracy & damage with ranged weapons and melee
   (+5).
 o - the -1 cloak of Borileh (worn) {Int+3 Dex+5}
   (Okawaru gifted it to you on level 4 of the Vaults)

   Int:       It affects your intelligence (+3).
   Dex:       It affects your dexterity (+5).
 B - the +4 barding of New Discoveries {rF+ Int+3 Dex-2}
   (Okawaru gifted it to you on level 10 of the Dungeon)

   Int:       It affects your intelligence (+3).
   Dex:       It affects your dexterity (-2).
   rF:        It protects you from fire.
 D - the +8 kite shield "Bemava" (worn) {rF+}
   (You found it in a Gauntlet)

   rF:        It protects you from fire.
 K - +1 gold dragon scales (worn)
 Y - the +6 barding of Ifilatt (worn) {rPois}
   (Okawaru gifted it to you on level 3 of the Lair of Beasts)

   rPois:     It protects you from poison.
Jewellery
 p - a ring of willpower (right hand)
 y - the ring "Qybok" (left hand) {Str+6 Slay+4}
   (You acquired it on level 2 of the Snake Pit)

   [ring of slaying]

   Str:       It affects your strength (+6).
   Slay:      It affects your accuracy & damage with ranged weapons and melee
   (+4).
 C - a ring of see invisible
 G - the ring "Utapnuos" {*Corrode Fly rF+ rC+++ Dex+3}
   (You acquired it on level 5 of the Pits of Slime)

   [ring of flight]

   Dex:       It affects your dexterity (+3).
   rF:        It protects you from fire.
   rC:        It renders you almost immune to cold.
   Fly:       It grants you flight.
   *Corrode:  It may corrode you when you take damage.
 H - a ring of resist corrosion
 L - an amulet of regeneration (around neck)
 U - a +5 ring of evasion
Wands
 v - a wand of digging (13)
 J - a wand of paralysis (34)
 S - a wand of iceblast (35)
 W - a wand of acid (26)
Scrolls
 t - 24 scrolls of teleportation
 z - 10 scrolls of blinking
 A - 5 scrolls of poison
 E - 11 scrolls of enchant weapon
 F - 10 scrolls of fear
 I - 4 scrolls of silence
 P - 6 scrolls of fog
 Z - 16 scrolls of immolation
Potions
 b - 7 potions of flight
 f - 3 potions of mutation
 h - 9 potions of haste
 k - 30 potions of curing
 l - 7 potions of berserk rage
 m - 10 potions of might
 n - 4 potions of invisibility
 r - a potion of resistance
 w - 15 potions of heal wounds
 x - 8 potions of attraction
 N - 11 potions of cancellation
 Q - a potion of ambrosia
Miscellaneous
 c - a condenser vane
 M - a phial of floods
 X - a lightning rod (4/4)


   Skills:
 - Level 21.0 Fighting
 - Level 21.1 Maces & Flails
 + Level 16.6 Throwing
 - Level 21.0 Armour
 - Level 2.1 Stealth
 - Level 15.0 Shields
 - Level 1.0 Spellcasting
 - Level 2.6 Conjurations
 - Level 1.7 Transmutations
 - Level 14.0 Invocations
 - Level 20.0 Evocations


You had 25 spell levels left.
You knew the following spells:

 Your Spells              Type           Power      Damage    Failure   Level
a - Magic Dart            Conj           36%        1d4       56%         1

Your spell library contained the following spells:

 Spells                   Type           Power      Damage    Failure   Level
 Foxfire                  Conj/Fire      20%        2x1d5     75%         1
 Kiss of Death            Conj/Necr      20%        2d7       75%         1
 Shock                    Conj/Air       20%        1d4       75%         1
 Sting                    Tmut/Pois      12%        1d3       82%         1
 Wereblood                Tmut           6%         N/A       83%         2
 Momentum Strike          Conj/Tloc      10%        3d8       87%         2
 Static Discharge         Conj/Air       10%        2-3/arc   87%         2
 Apportation              Tloc           0%         N/A       90%         1
 Sandblast                Erth           0%         2d4       90%         1
 Passwall                 Tmut/Erth      2%         N/A       91%         2
 Blink                    Tloc           0%         N/A       97%         2
 Cigotuvi's Dreadful Rot  Necr/Pois/Air  0%         N/A       97%         2
 Ensorcelled Hibernation  Hex/Ice        0%         N/A       97%         2
 Lesser Beckoning         Tloc           0%         N/A       97%         2
 Poisonous Vapours        Pois/Air       0%         N/A       97%         2
 Scorch                   Fire           0%         2d5       97%         2
 Dazzling Flash           Conj/Hex       10%        N/A       98%         3
 Hailstorm                Conj/Ice       5%         3d4       98%         3
 Confusing Touch          Hex            0%         N/A       99%         3
 Gell's Gravitas          Tloc           0%         N/A       99%         3
 Inner Flame              Hex/Fire       0%         N/A       99%         3
 Mephitic Cloud           Conj/Pois/Air  3%         N/A       99%         3
 Portal Projectile        Hex/Tloc       0%         N/A       99%         3
 Spider Form              Tmut/Pois      3%         N/A       99%         3
 Teleport Other           Tloc           0%         N/A       99%         3
 Vhi's Electric Charge    Tloc/Air       0%         N/A       99%         3
 Anguish                  Hex/Necr       0%         N/A       100%        4
 Cause Fear               Hex            0%         N/A       100%        4
 Dispel Undead            Necr           0%         3d6       100%        4
 Flame Wave               Conj/Fire      5%         2d5       100%        4
 Ice Form                 Ice/Tmut       3%         N/A       100%        4
 Iskenderun's Mystic Bla  Conj/Tloc      5%         2d3       100%        4
 Manifold Assault         Tloc           0%         N/A       100%        4
 Agony                    Necr           0%         N/A       100%        5
 Alistair's Intoxication  Tmut/Pois      2%         N/A       100%        5
 Arcjolt                  Conj/Air       2%         1d12      100%        5
 Blade Hands              Tmut           3%         N/A       100%        5
 Borgnjor's Vile Clutch   Necr/Erth      0%         N/A       100%        5
 Freezing Cloud           Conj/Ice/Air   1%         6-21      100%        5
 Irradiate                Conj/Tmut      4%         3d13      100%        5
 Iskenderun's Battlesphe  Conj           9%         2d6       100%        5
 Lightning Bolt           Conj/Air       2%         1d14      100%        5
 Silence                  Hex/Air        0%         N/A       100%        5
 Dispersal                Tloc           0%         N/A       100%        6
 Eringya's Noxious Bog    Tmut/Pois      1%         N/A       100%        6
 Iron Shot                Conj/Erth      2%         9d2       100%        6
 Starburst                Conj/Fire      2%         6d3       100%        6
 Statue Form              Tmut/Erth      2%         N/A       100%        6
 Dragon Form              Tmut           3%         N/A       100%        7
 Discord                  Hex            0%         N/A       100%        8
 Disjunction              Tloc           0%         N/A       100%        8
 Maxwell's Capacitive Co  Air            0%         ∞         100%        8
 Polar Vortex             Ice            0%         N/A       100%        9
 Tukima's Dance           Hex            Unusable   N/A       N/A         3
 Death Channel            Necr           Unusable   N/A       N/A         6
 Simulacrum               Ice/Necr       Unusable   N/A       N/A         6
 Summon Cactus Giant      Summ           Unusable   N/A       N/A         6
 Spellforged Servitor     Conj/Summ      Unusable   N/A       N/A         7
 Dragon's Call            Summ           Unusable   N/A       N/A         9

Dungeon Overview and Level Annotations

Branches:
Dungeon (15/15)            Temple (1/1) D:6            Lair (5/5) D:11
 Shoals (4/4) Lair:2        Snake (4/4) Lair:3        Slime (5/5) Lair:4
    Orc (2/2) D:9             Elf (0/3) Orc:2        Vaults (5/5) D:14
  Crypt (0/3) Vaults:3     Depths (4/4) D:15            Zot (5/5) Depths:4
  Sewer (visited)           IceCv (visited)         Gauntlet (visited)

Altars:
Ashenzari
Cheibriados
Dithmenos
Elyvilon
Fedhas
Gozag
Hepliaklqana
Kikubaaqudgha
Makhleb
Nemelex Xobeh
Okawaru
Qazlal
Ru
Sif Muna
Trog
Uskayaw
Vehumet
Wu Jian
Xom
Yredelemnul
Zin
The Shining One

Shops:
D:2 [:!   D:3 *   D:13 ?   D:14 ([   Orc:2 :****[   Vaults:1 ((   Vaults:3 =
Vaults:4 *

Portals:
Hell: Depths:1 Depths:2 Depths:3 Depths:4
Abyss: Depths:2 Depths:3
Pandemonium: Depths:2 Depths:3
Ziggurat: Depths:3

Annotations:
D:4 2 transporters, Allyalt's ghost, amateur AtBe
D:6 1 runed translucent door, relicbr's ghost, novice SpDe
D:10 3 runed translucent doors, ZoeForever1's ghost, novice DsAE


Innate Abilities, Weirdness & Mutations

You are completely covered in rugged brown scales. (AC +3, +7% HP)
Armour fits poorly on your strangely shaped body.
You have a long armoured tail.
You roll when moving toward enemies. (Rampage)
Your long tongue fully drains potion bottles. (2x potion effects)
Your tongue gives you trouble enunciating. (1.5x scroll delay)


Message History

You roll towards the Orb Guardian!
You hit the Orb Guardian but do no damage.
Your tail-slap misses the Orb Guardian.
Your +8 morningstar "Cisorixi" {spect, rC+ Will+ Dex+3} hits the Orb Guardian.
The Orb Guardian hits you!!
You bludgeon the Orb Guardian!! You tail-slap the Orb Guardian.
The Orb Guardian is moderately wounded.
Your +8 morningstar "Cisorixi" {spect, rC+ Will+ Dex+3} closely misses the Orb Guardian.
You block the Orb Guardian's attack.
You hit the Orb Guardian but do no damage.
The Orb Guardian is moderately wounded.
Your +8 morningstar "Cisorixi" {spect, rC+ Will+ Dex+3} hits the Orb Guardian!!
The Orb Guardian hits your +8 morningstar "Cisorixi" {spect, rC+ Will+ Dex+3} but does no damage.
You impale the Orb Guardian!! You tail-slap the Orb Guardian!
The Orb Guardian is almost dead.
Your +8 morningstar "Cisorixi" {spect, rC+ Will+ Dex+3} hits the Orb Guardian!!
You kill the Orb Guardian!
Okawaru accepts your kill.
No target in view!
(D) Dungeon (T) Temple (L) Lair (A) Shoals (P) Snake Pit (M) Slime Pits (O) Orcish Mines (E) Elven Halls (V) Vaults (C) Crypt (U) Depths (H) Hell (Z) Zot
Where to? (Enter - D:1 @ (x,y), ? - help)
What level of the Dungeon? (default 1, ? - help)
You swap places.
There is an open door here.
HP restored.
Items here: )) [[.
There is a stone staircase leading up here.
You climb upwards.
There is a stone staircase leading down here.
There is a stone staircase leading up here.
You climb upwards.
There is a stone staircase leading down here.
There is a stone staircase leading up here.
You climb upwards.
There is a stone staircase leading down here.
There is a staircase leading out of the dungeon here.
You have escaped!

###### #..### #..)## ###....#
###...## #..... ..+....#
##...#..#### #..... ###....###
#..####....# #..... .........#
#..........######.....
#####'##.###..#####.......##...##
......##.##..#.....#..###......##
########.#..#.......#..#######...
####.......#....@....#..# ###.
..##.#####..#.......#..## #..
#.##.### ##..#.....#..## #..
#......# ##..#####..## #..
####.#.# ##.......## ##. .....#.#
##.....## ## ######.# #.###.#
.^...#.# #.###.# ####.#.# #.#...#


There were no monsters in sight!

Vanquished Creatures
  the Royal Jelly (Slime:5)
  5 dread liches
  4 orbs of fire (Zot:5)
  A juggernaut (Depths:4)
  Vv (Zot:1)
  Vashnia (Snake:2)
  Bai Suzhen (Vaults:2)
  Margery (Depths:3)
  5 Killer Klowns
  5 golden dragons
  Nikola (Shoals:2)
  3 bone dragons (Zot:4)
  A hellephant (Zot:1)
  A Brimstone Fiend (Zot:5)
  An electric golem (Zot:2)
  A walking crystal tome (Depths:3)
  An Ice Fiend (Depths:1)
  15 tentacled monstrosities
  Jorgrun (Snake:2)
  25 Orb Guardians
  Rupert (Lair:5)
  A Hell Sentinel (D:7)
  3 liches
  Asterion (Snake:2)
  A walking divine tome (Depths:4)
  A walking frostbound tome (Depths:2)
  3 titans
  An ancient champion (Vaults:3)
  Polyphemus (Shoals:2)
  6 quicksilver dragons
  4 krakens
  An Executioner (D:9)
  10 storm dragons
  5 death cobs
  4 tentacled starspawn (Abyss:4)
  12 acid blobs
  9 sphinxes
  The ghost of Hibleob the Brawler, an adept TrMo of Nemelex Xobeh (Depths:4)
  6 shadow dragons
  2 tengu reavers
  4 draconian monks
  A revenant (Vaults:3)
  Donald (Shoals:1)
  9 rockslimes
  12 frost giants
  2 iron dragons (Depths:3)
  10 azure jellies
  5 draconian knights
  7 fire giants
  2 draconian scorchers (Zot:4)
  A deep elf sorcerer (Abyss:4)
  7 vault wardens
  2 balrugs
  Aizul (Depths:1)
  3 ghost moths
  5 draconian shifters
  An angel (Depths:3)
  Louise (Snake:2)
  2 orc warlords
  3 draconian stormcallers (Zot:4)
  5 draconian annihilators
  3 spriggan defenders (Depths:3)
  4 ironbound thunderhulks
  3 war gargoyles
  7 black draconians
  32 very ugly things
  12 quicksilver oozes
  Nessos (D:14)
  23 ironbound preservers
  6 stone giants
  2 vampire knights (Depths:4)
  11 green draconians
  5 spark wasps
  5 red draconians
  2 deep elf demonologists
  A lorocyproca (Zot:3)
  A demonspawn black sun (Zot:3)
  4 dire elephants
  12 purple draconians
  A deep elf annihilator (Zot:4)
  5 white draconians
  A minotaur (Gauntlet)
  9 yellow draconians
  A crystal guardian (Vaults:2)
  5 merfolk impalers (Shoals:4)
  8 fire dragons
  7 ettins
  5 merfolk javelineers (Shoals:4)
  7 yaktaur captains
  A jiangshi (Vaults:3)
  An entropy weaver (Vaults:1)
  Josephine (Orc:1)
  8 great orbs of eyes
  4 rakshasas
  Erolcha (D:12)
  A hydra (shapeshifter) (Gauntlet)
  30 vault guards
  4 peacekeepers
  3 salamander tyrants (Snake:4)
  Fannar (Lair:2)
  6 hydras
  3 merfolk avatars (Shoals:4)
  4 spriggan air magi
  12 ice dragons
  14 anacondas
  4 merfolk aquamancers
  3 alligator snapping turtles (Shoals:4)
  14 ironbound frosthearts
  4 ogre magi (Orc:2)
  4 catoblepae
  23 two-headed ogres
  19 centaur warriors
  A death knight (D:15)
  10 naga warriors
  8 boulder beetles
  3 satyrs
  17 death yaks
  12 naga sharpshooters
  18 deep troll earth magi
  6 tengu warriors
  5 deep troll shamans
  2 shock serpents
  5 spriggan berserkers
  3 hell knights (Depths:3)
  A vampire mage (Depths:1)
  5 thrashing horrors
  Sonja (D:13)
  2 sun demons (D:9)
  3 skysharks
  17 iron trolls
  A soul eater (Abyss:3)
  2 skeletal warriors
  Amaemon (D:9)
  2 salamander mystics
  3 wretched stars
  2 spectral anacondas (Snake:3)
  A cherub (Zot:1)
  14 sea snakes
  14 naga ritualists
  3 flayed ghosts
  6 glowing orange brains
  83 deep trolls
  6 orc knights
  3 phantasmal warriors
  7 lindwurms
  8 wizards
  37 harpies
  16 ironbound convokers
  2 deep elf zephyrmancers
  A wolf spider (Lair:5)
  An anaconda skeleton (Snake:3)
  A harpy (shapeshifter) (D:15)
  6 necromancers
  4 oklob plants
  3 deep elf pyromancers
  4 shining eyes
  9 mana vipers
  18 starcursed masses
  48 ugly things
  An orc sorcerer (Orc:2)
  8 fauns
  7 cyclopes
  15 manticores
  22 elephants
  15 salamanders
  11 moths of wrath
  A centaur zombie (D:11)
  9 merfolk sirens
  A rust devil (Zot:3)
  48 black mambas
  Joseph (D:10)
  An eye of devastation (Slime:1)
  8 guardian serpents
  An ice statue (IceCv)
  15 vault sentinels
  6 water nymphs
  6 smoke demons
  A stone giant skeleton (Vaults:4)
  An orange demon (D:9)
  8 naga magi
  A minotaur zombie (Gauntlet)
  14 cane toads
  An elf skeleton (Vaults:4)
  An unseen horror (D:12)
  An efreet (D:15)
  A torpor snail (Lair:5)
  3 rime drakes
  21 yaktaurs
  5 kobold demonologists
  11 komodo dragons
  A hellion (Zot:2)
  A tormentor (Depths:1)
  A freezing wraith (D:15)
  2 tengu conjurers
  3 ancient zymes (Abyss:4)
  2 yaktaurs (shapeshifter)
  4 anaconda simulacra (Snake:3)
  A red devil (Gauntlet)
  A sea snake skeleton (Snake:3)
  An ice devil (Gauntlet)
  3 meliai (D:15)
  2 silent spectres (Abyss:3)
  14 polar bears
  8 trolls
  7 wind drakes
  27 merfolk
  Grinder (D:3)
  A hornet (shapeshifter) (D:13)
  6 hornets
  2 spectral guardian serpents (Snake:3)
  6 raiju
  7 blink frogs (Lair:5)
  7 snapping turtles
  69 slime creatures
  A jumping spider (shapeshifter) (Gauntlet)
  A centaur simulacrum (D:15)
  A spriggan (Depths:3)
  4 small abominations
  A shadow (D:11)
  5 water elementals
  A ynoxinul (Abyss:4)
  A hog (shapeshifter) (D:15)
  14 wyverns
  A golden eye (shapeshifter) (Vaults:5)
  70 yaks
  7 basilisks
  3 elf zombies (Vaults:4)
  7 wraiths
  4 golden eyes (Slime:5)
  2 sea snake simulacra (Snake:3)
  A redback (Lair:5)
  A steam dragon (D:10)
  9 vampire mosquitoes
  2 chaos spawn
  2 neqoxecs (Abyss:4)
  A warg (Orc:2)
  Edmund (D:4)
  3 swamp worms (D:10)
  An ogre zombie (Vaults:4)
  31 nagas
  22 water moccasins
  9 large abominations
  A floating eye (shapeshifter) (D:13)
  2 sky beasts
  5 hell hounds (Abyss:3)
  A guardian serpent simulacrum (Snake:3)
  18 orc warriors
  A naga skeleton (Snake:3)
  3 ice beasts
  A black bear (D:11)
  A tengu (shapeshifter) (Gauntlet)
  26 ogres
  14 wolves
  An ettin simulacrum (Vaults:4)
  An ogre (shapeshifter) (Depths:4)
  A boggart (Vaults:2)
  5 centaurs
  3 phantoms (D:4)
  10 bullfrogs
  13 kobold brigands
  A gnoll sergeant (D:10)
  2 scorpions
  2 naga simulacra (Snake:3)
  5 wights
  A human simulacrum (Vaults:4)
  6 killer bees
  3 spectral nagas (Snake:3)
  7 howler monkeys
  8 electric eels
  2 crimson imps (Gauntlet)
  3 hounds (D:5)
  A jelly (D:5)
  13 orc priests
  A sleepcap (D:8)
  Terence (D:3)
  4 hell rats (Lair:2)
  2 iguanas
  Natasha (thrice) (D:3)
  10 orc wizards
  A boggart zombie (D:11)
  Robin (D:3)
  3 gnolls (D:10)
  13 adders
  A shadow imp (D:6)
  6 white imps
  5 worms
  3 dart slugs
  79 orcs
  10 ball pythons
  12 endoplasms
  10 giant cockroaches
  18 goblins
  17 hobgoblins
  4 jackals
  24 kobolds
  3 quokkas
  8 bats
  10 frilled lizards
  4 rats
  A butterfly (Lair:1)
  7 starspawn tentacles (Abyss:4)
  10 tentacles
2065 creatures vanquished.

Vanquished Creatures (others)
  A phantasmal warrior (Depths:4)
  A guardian serpent (Snake:3)
  A tengu conjurer (D:14)
  2 nagas
  A naga skeleton (Snake:3)
  A kobold (D:8)
  2 demonic plants (Gauntlet)
  23 fungi
  103 plants
  7 starspawn tentacles (Abyss:4)
  21 tentacles
163 creatures vanquished.

Grand Total: 2228 creatures vanquished

Notes
Turn   | Place    | Note
-------+----------+-------------------------------------------
     0 | D:1      | Valamore the Armataur Wanderer began the quest for the Orb.
     0 | D:1      | Valamore set off with the following items: a +0 club, a +0
                  | leather armour, a +0 pair of gloves, a scroll of blinking;
                  | and the following spells available to memorise: Magic Dart,
                  | Foxfire, Shock, Wereblood, Passwall.
     0 | D:1      | Reached XP level 1. HP: 18/18 MP: 2/2
    50 | D:1      | Learned a level 1 spell: Magic Dart
   153 | D:1      | Reached skill level 1 in Maces & Flails
   153 | D:1      | Reached XP level 2. HP: 20/25 MP: 3/3
   880 | D:1      | Reached XP level 3. HP: 32/32 MP: 4/4
  1386 | D:2      | Identified the +11 whip of the Usurping Gods {heavy, rPois
                  | rC+ Str+4}
  1391 | D:2      | Reached XP level 4. HP: 37/40 MP: 5/5
  1427 | D:2      | Found Quext's Distillery.
  1455 | D:2      | Bought a potion of heal wounds for 65 gold pieces
  1455 | D:2      | Bought a potion of curing for 39 gold pieces
  1482 | D:2      | Found Mozikk's Book Emporium.
  1501 | D:2      | Bought a potion of degeneration for 13 gold pieces
  1525 | D:2      | Found Ceyzxask's Armour Shoppe.
  1561 | D:2      | Bought a +0 cloak for 45 gold pieces
  1773 | D:3      | Noticed Robin
  1793 | D:3      | Killed Robin
  1808 | D:3      | Noticed Grinder
  1828 | D:3      | Paralysed by Grinder for 2 turns
  1838 | D:3      | Paralysed by Grinder for 4 turns
  1842 | D:3      | Killed Grinder
  1843 | D:3      | Reached XP level 5. HP: 30/50 MP: 6/6
  1843 | D:3      | Reached XP level 6. HP: 34/56 MP: 7/7
  2002 | D:3      | Noticed Natasha
  2006 | D:3      | Killed Natasha
  2188 | D:3      | Identified the +4 rapier of the Pharaoh's Fist {antimagic,
                  | rC++ rN+}
  2232 | D:3      | Noticed Natasha
  2240 | D:3      | Killed Natasha
  2266 | D:3      | Noticed Terence
  2277 | D:3      | Killed Terence
  2373 | D:3      | Noticed Natasha
  2374 | D:3      | Found Bukhluab's Assorted Antiques.
  2377 | D:3      | Killed Natasha
  2385 | D:3      | Bought a viscous golden potion for 21 gold pieces
  2385 | D:3      | Bought a scroll labelled VUSEXU MASOSS for 24 gold pieces
  2523 | D:4      | Reached skill level 5 in Fighting
  2523 | D:4      | Reached XP level 7. HP: 54/65 MP: 8/8
  2804 | D:4      | Noticed Edmund
  2810 | D:4      | Killed Edmund
  2811 | D:4      | Reached skill level 5 in Maces & Flails
  2823 | D:4      | Found a hide-covered altar of Uskayaw.
  2870 | D:4      | Found a glowing drain.
  2885 | Sewer    | Entered a sewer
  3118 | Sewer    | Reached XP level 8. HP: 74/74 MP: 9/9
  3486 | D:4      | Found a transporter.
  3490 | D:4      | Noticed Allyalt's ghost (amateur AtBe)
  3505 | D:4      | Found a transporter.
  3947 | D:5      | Entered Level 5 of the Dungeon
  4101 | D:5      | Reached skill level 1 in Shields
  4629 | D:5      | Found a shadowy altar of Dithmenos.
  5081 | D:6      | Found a runed translucent door.
  5084 | D:6      | Noticed relicbr's ghost (novice SpDe)
  5287 | D:6      | Found a staircase to the Ecumenical Temple.
  5601 | Temple   | Entered the Ecumenical Temple
  5623 | Temple   | Became a worshipper of Warmaster Okawaru
  5783 | D:7      | Noticed a two-headed ogre
  5788 | D:7      | Killed a two-headed ogre
  5788 | D:7      | Reached * piety under Okawaru
  5789 | D:7      | Reached XP level 9. HP: 86/86 MP: 10/10
  5792 | D:7      | Reached ** piety under Okawaru
  5939 | D:7      | Found a basalt altar of Yredelemnul.
  5941 | D:7      | Found a glowing silver altar of Zin.
  5942 | D:7      | Found an ancient bone altar of Kikubaaqudgha.
  5942 | D:7      | Found a sparkling altar of Nemelex Xobeh.
  5942 | D:7      | Found a bloodstained altar of Trog.
  6282 | D:7      | Found a sacrificial altar of Ru.
  6588 | D:8      | Noticed a two-headed ogre
  6782 | D:8      | Reached *** piety under Okawaru
  6896 | D:8      | Found a glowing golden altar of the Shining One.
  6919 | D:8      | Reached XP level 10. HP: 74/97 MP: 11/11
  6966 | D:8      | Reached skill level 5 in Shields
  7080 | D:8      | Found a snail-covered altar of Cheibriados.
  7110 | D:8      | Killed a two-headed ogre
  7110 | D:8      | Reached **** piety under Okawaru
  7262 | D:8      | Found an ornate altar of the Wu Jian Council.
  7358 | D:8      | Reached skill level 10 in Fighting
  7477 | D:8      | Reached ***** piety under Okawaru
  7660 | D:9      | Reached skill level 10 in Maces & Flails
  7937 | D:9      | Found a staircase to the Orcish Mines.
  7997 | D:9      | Noticed an orange demon
  7998 | D:9      | Noticed Amaemon
  8004 | D:9      | Killed an orange demon
  8005 | D:9      | Reached XP level 11. HP: 100/108 MP: 9/12
  8013 | D:9      | Killed Amaemon
  8359 | D:10     | Entered Level 10 of the Dungeon
  8359 | D:10     | Noticed a ten-headed hydra
  8359 | D:10     | Noticed ZoeForever1's ghost (novice DsAE)
  8359 | D:10     | Found a runed translucent gate.
  8359 | D:10     | Found a runed translucent gate.
  8359 | D:10     | Found a runed translucent gate.
  8386 | D:9      | Reached ****** piety under Okawaru
  8459 | D:10     | Identified the +4 barding of New Discoveries {rF+ Int+3
                  | Dex-2} (Okawaru gifted it to you on level 10 of the
                  | Dungeon)
  8459 | D:10     | Received a gift from Okawaru
  8519 | D:10     | Noticed Joseph
  8530 | D:10     | Killed Joseph
  9163 | D:10     | Found a white marble altar of Elyvilon.
  9339 | D:11     | Noticed a soul eater
  9414 | D:11     | Noticed a boulder beetle
  9796 | D:11     | Found a frozen archway.
  9799 | D:11     | Noticed an ice dragon
  9836 | D:11     | Killed an ice dragon
  9846 | IceCv    | Entered an ice cave
  9872 | IceCv    | Reached XP level 12. HP: 114/120 MP: 13/13
  9935 | IceCv    | Reached skill level 1 in Armour
 10120 | IceCv    | Received a gift from Okawaru
 10218 | IceCv    | Noticed a death yak
 10218 | IceCv    | Noticed a death yak
 10232 | IceCv    | Killed a death yak
 10234 | IceCv    | Noticed a death yak
 10242 | IceCv    | Killed a death yak
 10253 | IceCv    | Killed a death yak
 10328 | IceCv    | Noticed a death yak
 10345 | IceCv    | Killed a death yak
 10365 | IceCv    | Reached skill level 5 in Armour
 10454 | IceCv    | Noticed a death yak
 10454 | IceCv    | Noticed an ironbound frostheart
 10454 | IceCv    | Noticed an ironbound frostheart
 10454 | IceCv    | Noticed a death yak
 10464 | IceCv    | Killed a death yak
 10489 | IceCv    | Killed a death yak
 10496 | IceCv    | Killed an ironbound frostheart
 10501 | IceCv    | Killed an ironbound frostheart
 11110 | D:11     | Killed a boulder beetle
 11110 | D:11     | Received a gift from Okawaru
 11111 | D:11     | Reached XP level 13. HP: 127/127 MP: 14/14
 11168 | D:11     | Found a basalt altar of Yredelemnul.
 11386 | D:11     | Found a staircase to the Lair.
 11577 | D:12     | Found a gate leading to a gauntlet.
 11586 | Gauntlet | Entered a Gauntlet
 11586 | Gauntlet | Found a transporter.
 11586 | Gauntlet | Found a transporter.
 11586 | Gauntlet | Found a transporter.
 11599 | Gauntlet | Found a transporter.
 11599 | Gauntlet | Found a transporter.
 11607 | Gauntlet | Found a transporter.
 11610 | Gauntlet | Found a transporter.
 11618 | Gauntlet | Found a transporter.
 11633 | Gauntlet | Found a transporter.
 11655 | Gauntlet | Found a transporter.
 11656 | Gauntlet | Found a transporter.
 11666 | Gauntlet | Found a transporter.
 11764 | Gauntlet | Identified the +8 kite shield "Bemava" {rF+}
 11849 | Gauntlet | an anaconda changed into a spark wasp
 11849 | Gauntlet | Noticed a spark wasp (glowing shapeshifter)
 11851 | Gauntlet | a spark wasp changed into an ice dragon
 11871 | Gauntlet | a boulder beetle changed into a fire dragon
 11871 | Gauntlet | Noticed a fire dragon (glowing shapeshifter)
 11919 | Gauntlet | Identified the +0 helmet "Rile" {+Blink rC- Int+8 Dex-5}
 11947 | Gauntlet | Found the +9 staff of Olgreb {rPois∞}
 11947 | Gauntlet | Identified the +6 hand axe "Domihuox" {heavy, rN+}
 11947 | Gauntlet | Noticed a minotaur
 11955 | Gauntlet | Killed a minotaur
 12110 | D:12     | Received a gift from Okawaru
 12297 | D:12     | Noticed Erolcha
 12380 | Lair:1   | Entered Level 1 of the Lair of Beasts
 12724 | Lair:1   | Reached skill level 15 in Maces & Flails
 13167 | Lair:2   | Found a staircase to the Shoals.
 13328 | Lair:2   | Noticed Fannar
 13368 | Lair:2   | Killed Fannar
 13485 | Lair:2   | Paralysed by a hornet for 2 turns
 14185 | Lair:3   | Identified the +6 barding of Ifilatt {rPois} (Okawaru
                  | gifted it to you on level 3 of the Lair of Beasts)
 14185 | Lair:3   | Received a gift from Okawaru
 14186 | Lair:3   | Reached XP level 14. HP: 135/135 MP: 15/15
 14386 | Lair:3   | Reached skill level 10 in Shields
 14520 | Lair:3   | Found a staircase to the Snake Pit.
 15437 | Lair:4   | Reached skill level 10 in Armour
 15505 | Lair:4   | Found a staircase to the Slime Pits.
 15619 | Lair:4   | Identified the +2 barding "Atyusysch" {Fly} (Okawaru gifted
                  | it to you on level 4 of the Lair of Beasts)
 15619 | Lair:4   | Received a gift from Okawaru
 15991 | Lair:5   | Entered Level 5 of the Lair of Beasts
 15992 | Lair:5   | Noticed Rupert
 15999 | Lair:5   | Paralysed by Rupert for 4 turns
 16005 | Lair:5   | Killed Rupert
 16592 | Lair:5   | Reached XP level 15. HP: 138/143 MP: 16/16
 17107 | Lair:5   | Received a gift from Okawaru
 17435 | D:12     | Killed Erolcha
 18014 | D:13     | Noticed a sphinx
 18028 | D:13     | Noticed a frost giant
 18089 | D:13     | Killed a sphinx
 18090 | D:13     | Reached skill level 1 in Invocations
 18106 | D:13     | Paralysed by a floating eye for 2 turns
 18111 | D:13     | Killed a frost giant
 18204 | D:13     | Found Ritryaw's Magic Scroll Emporium.
 18205 | D:13     | Identified the +1 sling of Sozxohill {elec, Int+3}
 18213 | D:13     | Bought a scroll of teleportation for 45 gold pieces
 18213 | D:13     | Bought a scroll of blinking for 112 gold pieces
 18213 | D:13     | Bought a scroll of enchant weapon for 112 gold pieces
 18213 | D:13     | Bought a scroll of blinking for 112 gold pieces
 18290 | D:13     | Noticed Sonja
 18320 | D:13     | Killed Sonja
 18529 | D:13     | Reached skill level 15 in Shields
 19166 | D:14     | Identified a scroll of acquirement
 19166 | D:14     | Found Seekh's Armour Shop.
 19196 | D:13     | Identified the +1 helmet "Cutuddu" {Slay+5} (Okawaru gifted
                  | it to you on level 13 of the Dungeon)
 19196 | D:13     | Received a gift from Okawaru
 19197 | D:13     | Reached skill level 5 in Invocations
 19237 | D:14     | Acquired a +0 eveningstar of protection
 19409 | D:14     | Found a gate to the Vaults.
 19601 | D:14     | Found Sujefauz's Antique Weapon Shop.
 19603 | D:14     | Identified the +7 battleaxe of Wyrd {vamp, rF+ rC+ Dex+2}
 19603 | D:14     | Noticed Nessos
 19618 | D:14     | Killed Nessos
 19640 | D:14     | Bought a translucent morningstar for 243 gold pieces
 19640 | D:14     | Identified the +7 morningstar of Indomitability {freeze,
                  | rPois rC- Str+6} (You bought it in a shop on level 14 of
                  | the Dungeon)
 19720 | D:15     | Entered Level 15 of the Dungeon
 19891 | D:15     | Reached XP level 16. HP: 150/150 MP: 22/22
 20205 | D:15     | Reached skill level 10 in Invocations
 20603 | D:15     | Received a gift from Okawaru
 20604 | D:15     | Found a staircase to the Depths.
 20809 | Orc:1    | Entered Level 1 of the Orcish Mines
 20989 | Orc:1    | Found a runed translucent door.
 20995 | Orc:1    | Noticed Josephine
 21055 | Orc:1    | Killed Josephine
 21118 | Orc:2    | Entered Level 2 of the Orcish Mines
 21180 | Orc:2    | Found Aruda's Antique Armour Shoppe.
 21352 | Orc:2    | Received a gift from Okawaru
 21698 | Orc:2    | Received a gift from Okawaru
 21711 | Orc:2    | Found Boan's Book Boutique.
 21779 | Orc:2    | Found Util's Assorted Antiques.
 21779 | Orc:2    | Found Hynih's General Store.
 21780 | Orc:2    | Found Qooj's General Store.
 21780 | Orc:2    | Found Leent's General Store.
 21787 | Orc:2    | Bought a slimy helmet for 266 gold pieces
 21787 | Orc:2    | Identified the +0 helmet of the Eggfruit {Stlth+} (You
                  | bought it in a shop on level 2 of the Orcish Mines)
 21787 | Orc:2    | Bought a potion of heal wounds for 140 gold pieces
 21787 | Orc:2    | Bought a potion of heal wounds for 140 gold pieces
 21790 | Orc:2    | Bought a potion of heal wounds for 75 gold pieces
 21790 | Orc:2    | Bought a potion of cancellation for 120 gold pieces
 21792 | Orc:2    | Bought a scroll of enchant weapon for 105 gold pieces
 21792 | Orc:2    | Bought 2 potions of curing for 84 gold pieces
 21953 | Orc:2    | Found a staircase to the Elven Halls.
 22144 | Snake:1  | Entered Level 1 of the Snake Pit
 23339 | Snake:2  | Reached XP level 17. HP: 138/164 MP: 26/26
 23380 | Snake:2  | Identified the +3 broad axe "Duzus" {elec, rN+ Str+4}
 23455 | Snake:2  | Noticed Vashnia
 23458 | Snake:2  | Reached skill level 15 in Fighting
 23500 | Snake:2  | Killed Vashnia
 23500 | Snake:2  | Identified the +5 kite shield of the Sun {-Tele rN+ Dex+4
                  | Slay+2} (Okawaru gifted it to you on level 2 of the Snake
                  | Pit)
 23500 | Snake:2  | Received a gift from Okawaru
 23608 | Snake:2  | Noticed Jorgrun
 23623 | Snake:2  | Killed Jorgrun
 23857 | Snake:2  | Acquired the ring "Qybok" {Str+6 Slay+4}
 23938 | Snake:2  | Noticed Louise
 23948 | Snake:2  | Killed Louise
 23992 | Snake:2  | Found a shimmering blue altar of Sif Muna.
 24857 | Snake:3  | Noticed Asterion
 24988 | Snake:2  | Killed Asterion
 25561 | Snake:4  | Entered Level 4 of the Snake Pit
 25575 | Snake:4  | Reached skill level 15 in Armour
 25682 | Snake:4  | Received a gift from Okawaru
 26250 | Snake:4  | Reached XP level 18. HP: 111/174 MP: 27/27
 26543 | Snake:4  | Got a serpentine rune of Zot
 27044 | Shoals:1 | Entered Level 1 of the Shoals
 27118 | Shoals:1 | Received a gift from Okawaru
 27302 | Shoals:1 | Reached skill level 1 in Evocations
 27414 | Shoals:1 | Noticed Donald
 27425 | Shoals:1 | Killed Donald
 27426 | Shoals:1 | Reached skill level 1 in Throwing
 27427 | Shoals:1 | Received a gift from Okawaru
 27667 | Shoals:2 | Received a gift from Okawaru
 27689 | Shoals:2 | Noticed Polyphemus
 27722 | Shoals:2 | Killed Polyphemus
 28067 | Shoals:2 | Noticed Nikola
 28081 | Shoals:2 | Killed Nikola
 28510 | Shoals:3 | Found a shimmering altar of Xom.
 28882 | Shoals:4 | Entered Level 4 of the Shoals
 28893 | Shoals:4 | Received a gift from Okawaru
 28959 | Shoals:4 | Reached skill level 5 in Evocations
 29142 | Shoals:4 | Received a gift from Okawaru
 29300 | Shoals:4 | Identified the +8 morningstar "Cisorixi" {spect, rC+ Will+
                  | Dex+3} (Okawaru gifted it to you on level 4 of the Shoals)
 29300 | Shoals:4 | Received a gift from Okawaru
 29372 | Shoals:4 | Reached skill level 5 in Throwing
 29445 | Shoals:4 | Got a barnacled rune of Zot
 29612 | Shoals:4 | Reached XP level 19. HP: 181/181 MP: 28/28
 29980 | Vaults:1 | Entered Level 1 of the Vaults
 29984 | Vaults:1 | Found Ilaess's Weapon Shoppe.
 30012 | Vaults:1 | Bought 2 throwing nets for 96 gold pieces
 30136 | Vaults:1 | Received a gift from Okawaru
 31163 | Vaults:1 | Found Plog's Antique Weapon Boutique.
 31409 | Vaults:2 | Identified the +3 short sword of Xoaqabes {antimagic, Str+3
                  | Int+3 Dex+2} (Okawaru gifted it to you on level 2 of the
                  | Vaults)
 31409 | Vaults:2 | Received a gift from Okawaru
 31456 | Vaults:2 | Identified the +10 whip of Dim Light {freeze, +Blink
                  | Stlth+}
 31656 | Vaults:2 | Reached XP level 20. HP: 168/192 MP: 29/29
 31658 | Vaults:2 | Identified the +0 ring mail "Noher" {Str+3} (Okawaru gifted
                  | it to you on level 2 of the Vaults)
 31658 | Vaults:2 | Received a gift from Okawaru
 31769 | Vaults:2 | Reached skill level 10 in Evocations
 32090 | Vaults:2 | Identified the ring of Melanil {rPois rN+ Str-2 Int+6 SInv}
 32824 | Vaults:3 | Found Axyil's Jewellery Shoppe.
 32912 | Vaults:3 | Noticed Bai Suzhen
 32921 | Vaults:2 | Killed Bai Suzhen
 33195 | Vaults:3 | Reached skill level 10 in Throwing
 33313 | Vaults:3 | Received a gift from Okawaru
 33361 | Vaults:3 | Found a staircase to the Crypt.
 34031 | Vaults:4 | Identified the -1 cloak of Borileh {Int+3 Dex+5} (Okawaru
                  | gifted it to you on level 4 of the Vaults)
 34031 | Vaults:4 | Received a gift from Okawaru
 34502 | Vaults:4 | Found Riacoana's Assorted Antiques.
 34511 | Vaults:4 | Bought a scroll of blinking for 367 gold pieces
 34511 | Vaults:4 | Bought a potion of haste for 490 gold pieces
 34597 | Vaults:4 | Reached XP level 21. HP: 102/203 MP: 25/30
 35463 | Vaults:5 | Entered Level 5 of the Vaults
 35696 | Depths:1 | Entered Level 1 of the Depths
 35696 | Depths:1 | Noticed Aizul
 35701 | Depths:1 | Killed Aizul
 35756 | Depths:1 | Received a gift from Okawaru
 35769 | Depths:1 | Found a flickering gateway to a bazaar.
 35799 | Bazaar   | Entered a bazaar
 35827 | Bazaar   | Found Qibianoe's General Store.
 35827 | Bazaar   | Found Jutoxi's Weapon Shop.
 35835 | Bazaar   | Bought a scroll of enchant weapon for 90 gold pieces
 35886 | Bazaar   | Found Nechun's Weapon Shop.
 35886 | Bazaar   | Found Ehewk's Book Boutique.
 35917 | Bazaar   | Bought the +2 morningstar of Honour {drain, rElec} for 280
                  | gold pieces
 35962 | Depths:1 | Found a blossoming altar of Fedhas.
 36011 | Depths:1 | Received a gift from Okawaru
 36364 | Depths:1 | Found a gateway to Hell.
 36519 | Depths:1 | Got Jimim's Tome of Moulding and Pestilence
 37000 | Depths:2 | Received a gift from Okawaru
 37159 | Depths:2 | Found a runed translucent door.
 37270 | Depths:2 | Identified the +8 long sword of the Chain {freeze, rC++}
 37576 | Depths:2 | Found a one-way gate leading to the halls of Pandemonium.
 37752 | Depths:2 | Received a gift from Okawaru
 37884 | Depths:2 | Found a one-way gate to the infinite horrors of the Abyss.
 38235 | Depths:3 | Noticed Margery
 38256 | Depths:3 | Killed Margery
 38392 | Depths:3 | Received a gift from Okawaru
 38394 | Depths:3 | Reached XP level 22. HP: 206/223 MP: 31/31
 38514 | Depths:3 | Found a one-way gateway to a ziggurat.
 38638 | Depths:3 | Noticed a golden dragon
 38646 | Depths:3 | Killed a golden dragon
 38646 | Depths:3 | Received a gift from Okawaru
 38656 | Depths:3 | Noticed a golden dragon
 38671 | Depths:3 | Killed a golden dragon
 38685 | Depths:3 | Received a gift from Okawaru
 39465 | Depths:4 | Entered Level 4 of the Depths
 39465 | Depths:4 | Found a broken altar of Ashenzari.
 39469 | Depths:4 | Identified the +4 great mace of Disaster {heavy, Will+
                  | rCorr Int+8 Stlth-} (Okawaru gifted it to you on level 4 of
                  | the Depths)
 39469 | Depths:4 | Received a gift from Okawaru
 39810 | Depths:4 | Noticed a juggernaut
 39821 | Depths:4 | Killed a juggernaut
 40102 | Depths:4 | Noticed a golden dragon
 40107 | Depths:4 | Killed a golden dragon
 40170 | Depths:4 | Found a runed translucent gate.
 40171 | Depths:4 | Found a runed translucent gate.
 40178 | Depths:4 | Found a runed translucent gate.
 40180 | Depths:4 | Noticed Hibleob's ghost (adept TrMo)
 40249 | Depths:4 | Received a gift from Okawaru
 40601 | Depths:4 | Found a gate to the Realm of Zot.
 40850 | Depths:4 | Received a gift from Okawaru
 40942 | Depths:4 | Killed Hibleob's ghost
 41041 | Depths:4 | Identified the ring "Ananamn" {Fire rN+}
 41043 | Depths:4 | Identified the +8 long sword "Ultimatum" {speed, rPois
                  | rCorr Str+8 Int+3 Dex-2}
 41351 | Slime:1  | Entered Level 1 of the Pits of Slime
 41519 | Slime:4  | Identified the +1 hat "Leamot" {-Tele rF+ Int+5} (Okawaru
                  | gifted it to you on level 4 of the Pits of Slime)
 41519 | Slime:4  | Received a gift from Okawaru
 41535 | Slime:5  | Entered Level 5 of the Pits of Slime
 41555 | Slime:5  | Noticed the Royal Jelly
 41557 | Slime:5  | Reached XP level 23. HP: 211/230 MP: 32/32
 41569 | Slime:5  | Killed the Royal Jelly
 41710 | Slime:5  | Got a slimy rune of Zot
 41719 | Slime:5  | Identified the +5 ring mail of Ruzizu {rElec Str+2}
 41723 | Slime:5  | Identified the +2 spear of Hur Sor {heavy, Str+3 Int+2
                  | Stlth+}
 41744 | Slime:5  | Identified the +7 great sword of Exoneration {flame, Int+4
                  | Dex-4}
 41775 | Slime:5  | Acquired 698 gold pieces
 41776 | Slime:5  | Acquired the ring "Utapnuos" {*Corrode Fly rF+ rC+++ Dex+3}
 41777 | Slime:5  | Acquired a manual of Fighting
 41785 | Slime:5  | Identified the +1 ring mail of Inference {Rampage rPois
                  | rF-}
 41810 | Slime:5  | Identified the ring "Jekid" {rC++ Will- rCorr}
 41824 | Slime:5  | Got the Catalogue of Geomancy
 42592 | Vaults:5 | Got a silver rune of Zot
 43050 | Depths:2 | Voluntarily entered the Abyss.
 43204 | Abyss:2  | Received a gift from Okawaru
 43414 | Abyss:4  | Paralysed by accursed screaming for 1 turns
 43448 | Abyss:4  | Got an abyssal rune of Zot
 43467 | Abyss:4  | Reached skill level 15 in Throwing
 43681 | Depths:2 | Escaped the Abyss
 43841 | Zot:1    | Entered Level 1 of the Realm of Zot
 43846 | Zot:1    | Noticed Vv
 43858 | Zot:1    | Killed Vv
 44125 | Zot:2    | Identified the +4 falchion of Estrosesoa {freeze, rCorr
                  | Str+6}
 44363 | Zot:2    | Received a gift from Okawaru
 44623 | Zot:3    | Reached skill level 15 in Evocations
 44700 | Zot:4    | Received a gift from Okawaru
 44883 | Zot:3    | Reached XP level 24. HP: 188/243 MP: 32/32
 45283 | Zot:4    | Noticed a dread lich
 45292 | Zot:4    | Killed a dread lich
 45307 | Zot:4    | Received a gift from Okawaru
 45580 | Zot:4    | Identified the +0 barding "Dimamu" {rF+ Str+6 Stlth-}
                  | (Okawaru gifted it to you on level 4 of the Realm of Zot)
 45580 | Zot:4    | Received a gift from Okawaru
 45811 | Zot:5    | Entered Level 5 of the Realm of Zot
 46057 | Zot:5    | Noticed an orb of fire
 46059 | Zot:5    | Noticed an orb of fire
 46248 | Zot:4    | Identified the ring of Guewn {Fly rC+ Will+ Str+6 Dex-4}
 46319 | Zot:5    | Noticed an orb of fire
 46332 | Zot:5    | Killed an orb of fire
 46336 | Zot:5    | Noticed an orb of fire
 46343 | Zot:5    | Killed an orb of fire
 46356 | Zot:5    | Noticed a Killer Klown
 46362 | Zot:5    | Killed a Killer Klown
 46364 | Zot:5    | Noticed a Killer Klown
 46364 | Zot:5    | Noticed a dread lich
 46366 | Zot:5    | Noticed a dread lich
 46370 | Zot:5    | Killed a dread lich
 46373 | Zot:5    | Noticed a dread lich
 46382 | Zot:5    | Noticed a dread lich
 46383 | Zot:5    | Received a gift from Okawaru
 46388 | Zot:5    | Noticed a Killer Klown
 46389 | Zot:5    | Killed a Killer Klown
 46398 | Zot:5    | Killed a dread lich
 46408 | Zot:5    | Killed a Killer Klown
 46410 | Zot:5    | Killed a dread lich
 46410 | Zot:5    | Received a gift from Okawaru
 46414 | Zot:5    | Killed a dread lich
 46433 | Zot:5    | Noticed an orb of fire
 46452 | Zot:5    | Killed an orb of fire
 46453 | Zot:5    | Reached XP level 25. HP: 141/251 MP: 28/32
 46475 | Zot:5    | Received a gift from Okawaru
 46492 | Zot:5    | Noticed a Killer Klown
 46500 | Zot:5    | Killed a Killer Klown
 46664 | Zot:5    | Identified the +3 helmet of Narcissism {rPois rCorr}
                  | (Okawaru gifted it to you on level 5 of the Realm of Zot)
 46664 | Zot:5    | Received a gift from Okawaru
 46684 | Zot:5    | Got the Orb of Zot
 46740 | Zot:5    | Killed an orb of fire
 46796 | Zot:4    | Noticed a Killer Klown
 46796 | Zot:4    | Noticed a Killer Klown
 46796 | Zot:4    | Noticed a Killer Klown
 46803 | Arena    | Entered the Arena
 46808 | Arena    | Killed a Killer Klown
 47349 | D:5      | Noticed Roroewko the pandemonium lord
 47442 | D:$      | Escaped with the Orb!

Illustrated notes

Levels and vault maps discovered:
D:1:      scummos_arrival_hexagon, layout_basic
D:2:      layout_rooms, serial_shops, nicolae_shop_stone, nicolae_diamond_shop,
          shop
D:3:      kennysheep_the_goblin_king, layout_rooms, serial_shops,
          nicolae_diamond_shop, uniq_terence, uniq_robin, uniq_grinder,
          uniq_natasha
D:4:      layout_basic, nicolae_uskayaw_dance_hall, gammafunk_ghost_stat_death,
          gup_sewer_entry_glass, uniq_edmund
D:5:      layout_cave_pools, grunt_dithmenos_smoke_and_mirrors
D:6:      layout_basic, minmay_temple_entry_glassed_door,
          hellmonk_ghost_happy_afterlife, minivault_19
D:7:      layout_loops_corners, nicolae_ru_path_of_blood,
          grunt_temple_overflow_open, chequers_serial_rivers_micro_a
D:8:      layout_rooms, pdpol_wu_jian_five_deadly_venoms, kennysheep_little_box,
          tso_metal_star, serial_bayou, serial_bayou_lagoon_a,
          serial_bayou_crossing, serial_bayou_ford_a, serial_bayou_shore_a,
          special_room [special_room_kobold], minmay_alternating_orb
D:9:      layout_loops_ring, erik_orc_4, uniq_amaemon
D:10:     layout_long_grid, nicolae_elyvilon_temple_path,
          gammafunk_ghost_hydra_chop, worms_lemuel, uniq_joseph
D:11:     layout_stronghold, grunt_lair_entry_orc_guard_hut,
          portal_ice_cave_entry_animals_and_master,
          lemuel_zombie_altar_yredelemnul
D:12:     minmay_clustersquares, layout_gridville, gauntlet_entry_generic,
          minmay_misc_feat_alley, serial_bayou_pond_a, uniq_erolcha
D:13:     layout_layer_cave, serial_shops, shop_scrolls, minivault_22,
          minmay_checkered_concentric_circles, uniq_sonja
D:14:     kennysheep_cluttered_fort, layout_cross, david_vaults_1,
          eino_curves_01, serial_shops,
          nicolae_shop_temple_entry_statues_fountains, nicolae_shop_stone,
          uniq_nessos
D:15:     gammafunk_enter_depths_forms, layout_loops_ring,
          chequers_serial_rivers_micro_a
Temple:   chequers_temple_sunken
Lair:1:   layout_roguey, grunt_megastairs_2, lemuel_fruit_fields
Lair:2:   layout_long_grid, elwin_shoals_entry_stream, uniq_fannar
Lair:3:   layout_cave_pods, dummy_snake_entry, dpeg_oklob_1, grunt_megastairs_1
Lair:4:   layout_gridlike, minmay_slime_entry_oklob_open,
          infiniplex_staircase_pool_2
Lair:5:   hangedman_lair_tendril_chambers, layout_hall_layers, uniq_rupert
Shoals:1: layout_shoals, nicolae_shoals_dead_sea_scrolls, uniq_donald
Shoals:2: layout_shoals, nicolae_shoals_circle_sea_wall, uniq_nikola,
          uniq_polyphemus
Shoals:3: layout_shoals, wheals_shoals_ruined_temple
Shoals:4: shoals_end_hangedman, layout_shoals
Snake:1:  layout_grid_maze
Snake:2:  layout_chambers, basic_altar, nicolae_snake_naga_rites, uniq_louise,
          uniq_vashnia, uniq_jorgrun
Snake:3:  layout_cave_town, nicolae_snake_the_dead_are_slithering, uniq_asterion
Snake:4:  hellmonk_snake_rune_quicksilver_temple, layout_basic,
          grunt_megastairs_5
Slime:1:  layout_caves
Slime:2:  layout_caves, nicolae_slime_welcoming_committee
Slime:3:  layout_caves
Slime:4:  layout_caves
Slime:5
Orc:1:    dreamdust_dug_too_deep, layout_caves, uniq_josephine
Orc:2:    st_orc_ogre_mass, layout_diamond_mine, serial_shops, shop, shop_coins
Vaults:1: vaults_room_mumra_shop_pool, vaults_dpeg_emergency_exit, v_misc_28,
          v_alt_pattern_4, ontoclasm_vaults_fault, nicolae_vaults_what_the_h,
          v_misc_30, vaults_room_stairs_pillars, v_misc_17,
          vaults_mumra_minichess_inversion, hangedman_vaults_trim,
          vaults_mumra_hexcomb, layout_vaults_omnigrid, serial_shops,
          nicolae_shop_stone
Vaults:2: vaults_room_guarded_vault, nicolae_vaults_back_hallway, v_misc_24,
          vaults_dpeg_diagonal, vaults_room_boxed, v_misc_2, v_misc_8,
          ontoclasm_vaults_ring_small, v_alt_pattern_5, dpeg_vaults_monster_box,
          ontoclasm_vaults_ring_square, v_misc_23, layout_vaults_omnicross
Vaults:3: ontoclasm_vaults_tryst, v_misc_17, hangedman_vaults_corner_blocks,
          v_misc_5, hangedman_vaults_variations, v_misc_10,
          nicolae_vaults_bisected_inception, minmay_crypt_entry_simple_round,
          nicolae_vaults_little_squares_2, v_pattern_2, v_misc_30,
          vaults_dpeg_encased_lava, vaults_room_pool, hangedman_vaults_nails,
          ontoclasm_vaults_ring_square, vaults_room_fancy_cross,
          layout_vaults_maze_snakey, serial_shops, nicolae_shop_hallway_plus,
          uniq_bai_suzhen
Vaults:4: vaults_room_corners, vaults_standard_mumra_x, hangedman_vaults_snaps,
          hangedman_vaults_stitches, v_misc_2, vaults_mumra_minichess,
          nicolae_vaults_little_squares_4, grunt_vaults_hallway_short,
          ontoclasm_vaults_shuriken, layout_vaults_chaotic_city, serial_shops,
          shop_statue
Vaults:5
Depths:1: layout_basic, serial_shops, bzr_entry_islet, serial_corexii_hall,
          corexii_hall_statues_deadend, chequers_hall_statues_wall_a,
          corexii_hall_statues_i, chequers_hall_statues_corner_a,
          dk_noncrumbling_3, hell_entry, minivault_10, fedhas_altar_3,
          uniq_aizul
Depths:2: minmay_gate_of_8, layout_honeycomb,
          nicolae_abyss_entry_one_way_or_another, nicolae_two_hexagons,
          hell_entry, rand_demon_pan_entry_1, infiniplex_staircase_zigzag_2
Depths:3: minmay_crescents, layout_basic, enter_ziggurat_f, grunt_metal_band,
          pan_entry, abyss_entry, dk_noncrumbling_4
Depths:4: evilmike_zot_entry_basic, layout_gridlike, gammafunk_ghost_split,
          nicolae_ashenzari_skybound, pf_hell_entry_tar_spiral
Zot:1:    layout_gridville, uniq_vv
Zot:2:    nicolae_moth_party, layout_gridlike
Zot:3:    layout_gridlike, st_stairs_14
Zot:4:    hangedman_zot_vaults_quadrants, layout_onion_interference, drop_trap,
          grunt_ministairs_12
Zot:5:    layout_cathedral_of_symmetry

Skill      XL: |  1  2  3  4  5  6  7  8  9 10 11 12 13 14 15 16 17 18 19 20 21 22 23 24 25 |
---------------+----------------------------------------------------------------------------+-----
Fighting       | 2 3 4 5 6 7 9 10 12 14 15 16 19 20 21 | 21.0
Maces & Flails | 1 2 3 4 5 7 8 10 12 14 15 16 17 18 20 21 | 21.1
Shields        | 3 4 5 7 9 12 15 | 15.0
Armour         | 6 8 12 13 16 17 18 19 20 21 | 21.0
Invocations    | 8 12 13 14 | 14.0
Evocations     | 6 9 12 16 20 | 20.0
Throwing       | 5 8 11 12 15 16 | 16.6
Stealth        | |  2.1
Spellcasting   | |  1.0
Conjurations   | |  2.6
Transmutations | |  1.7

Action                     |  1- 3 |  4- 6 |  7- 9 | 10-12 | 13-15 | 16-18 | 19-21 | 22-24 | 25-27 || total
---------------------------+-------+-------+-------+-------+-------+-------+-------+-------+-------++-------
  Melee: Club              |   126 |       |       |       |       |       |       |       |       ||   126
         Tailslap          |     7 |     6 |    23 |    83 |   239 |   247 |   317 |   342 |    37 ||  1301
         Punch             |     1 |       |       |       |       |       |       |       |       ||     1
         Whip              |     1 |    97 |   260 |   600 |   157 |       |       |       |       ||  1115
         Morningstar       |       |       |       |       |  1225 |  1366 |  1088 |  1240 |   142 ||  5061
  Throw: Boomerang         |     9 |       |       |       |       |       |       |       |       ||     9
         Javelin           |       |       |       |       |       |       |     1 |    14 |       ||    15
         Throwing net      |       |       |       |       |       |       |       |     1 |       ||     1
   Cast: Magic Dart        |    25 |       |       |       |       |       |       |       |       ||    25
 Invoke: Heroism           |       |       |       |     7 |    10 |    13 |     5 |    11 |     3 ||    49
         Finesse           |       |       |       |       |     2 |     9 |     2 |    10 |     3 ||    26
         Duel              |       |       |       |       |       |       |       |       |     1 ||     1
  Evoke: Wand              |       |       |     3 |     7 |     2 |       |     1 |     2 |     2 ||    17
         Condenser vane    |       |       |       |       |       |       |     2 |     1 |       ||     3
    Use: Scroll            |     3 |     6 |       |    14 |    10 |     5 |     1 |    13 |     1 ||    53
         Potion            |     1 |     1 |       |       |       |     1 |       |     6 |     3 ||    12
   Stab: Sleeping          |     1 |       |       |       |       |       |       |       |       ||     1
         Paralysed         |       |       |     3 |     3 |       |       |       |       |       ||     6
         Petrified         |       |       |       |       |    10 |     1 |       |       |       ||    11
         Petrifying        |       |       |       |       |       |     1 |       |       |       ||     1
         Distracted        |       |       |       |       |       |     1 |    18 |    24 |     4 ||    47
 Armour: Leather armour    |    25 |       |       |       |       |       |       |       |       ||    25
         Chain mail        |    69 |    67 |   158 |   284 |       |       |       |       |       ||   578
         Skin              |    39 |       |       |       |       |       |       |       |       ||    39
         Plate armour      |       |       |       |    31 |   714 |   506 |   562 |    36 |       ||  1849
         Gold dragon scale |       |       |       |       |       |       |       |   482 |    97 ||   579
  Dodge: Dodged            |    44 |    40 |   104 |   181 |   250 |   262 |    83 |    69 |    17 ||  1050
  Block: Buckler           |       |     9 |    41 |    95 |    16 |       |       |       |       ||   161
         Kite shield       |       |       |       |       |  1148 |  1136 |   828 |   696 |   111 ||  3919

Table legend: (Time is in decaauts)
 A = Elapsed time spent in this place.
 B = Non-inter-level travel time spent in this place.
 C = Inter-level travel time spent in this place.
 D = Time resting spent in this place.
 E = Time spent auto-exploring this place.
 F = Levels seen in this place.
 G = Mean time per level.
                   A        B        C        D        E       F      G
               +--------+--------+--------+--------+--------+-----+--------+
         Total |  46180 |  42215 |   3965 |   3359 |  28076 |  59 |  782.7 |
       Dungeon |  14857 |  13156 |   1701 |    795 |   9397 |  15 |  990.5 |
        Temple |     36 |     23 |     13 |      0 |     12 |   1 |   36.0 |
          Lair |   5018 |   4503 |    515 |     41 |   3434 |   5 | 1003.6 |
        Shoals |   2679 |   2583 |     96 |     22 |   1839 |   4 |  669.8 |
     Snake Pit |   4728 |   4455 |    273 |    343 |   3163 |   4 | 1182.0 |
    Slime Pits |    854 |    798 |     56 |    104 |    460 |   5 |  170.8 |
  Orcish Mines |   1164 |   1080 |     84 |      0 |    788 |   2 |  582.0 |
        Vaults |   5765 |   5168 |    597 |    187 |   3976 |   5 | 1153.0 |
        Depths |   5495 |   4972 |    523 |    379 |   3653 |   4 | 1373.8 |
           Zot |   2922 |   2819 |    103 |   1277 |    172 |   5 |  584.4 |
         Abyss |    567 |    567 |      0 |    108 |      9 |   4 |  141.8 |
        Bazaar |    135 |    135 |      0 |      0 |    102 |   1 |  135.0 |
         Sewer |    491 |    491 |      0 |      0 |    372 |   1 |  491.0 |
      Ice Cave |   1039 |   1039 |      0 |    101 |    514 |   1 | 1039.0 |
      Gauntlet |    398 |    398 |      0 |      0 |    185 |   1 |  398.0 |
         Arena |     23 |     23 |      0 |      0 |      0 |   1 |   23.0 |
               +--------+--------+--------+--------+--------+-----+--------+

Top non-repeatable levels by time:
Depths:4: 1626 daAuts
 Snake:2: 1511 daAuts
Vaults:4: 1504 daAuts
    D:11: 1485 daAuts
Vaults:2: 1465 daAuts
Depths:1: 1446 daAuts
Vaults:1: 1373 daAuts
Vaults:3: 1342 daAuts
 Snake:4: 1312 daAuts
    D:15: 1228 daAuts
Depths:2: 1223 daAuts
Depths:3: 1199 daAuts
     D:1: 1167 daAuts
  Lair:3: 1162 daAuts
    D:12: 1153 daAuts
